Map: Orbital Shipyard

Players

capac

  • Race: Terran Terran
  • League: Gold

Exb - Winner!

  • Race: Zerg Zerg
  • League: Platinum

VOD

Have the link to the VOD?

Description

Time

  • Played on: Feb. 17, 2016, 1:20 p.m.
  • Length: 13:02
Show
View Real Time Build Order
Export as new Build Order

capac Terran 

Build Orders: MMM Bio 

Get SALT Encoding   

  12  0:01  SCV  
  13  0:13  SCV  
  14  0:19  Supply Depot  
  14  0:25  SCV  
  15  0:41  SCV  
  16  0:43  Barracks  
  16  0:48  Refinery  
  16  0:53  SCV  
  17  1:05  SCV  
  18  1:17  SCV  
  19  1:29  SCV  
  20  1:37  Supply Depot  
  20  1:38  Marine  
  21  1:55  SCV  
  21  1:57  Command Center  
  22  2:07  SCV  
  23  2:19  SCV, Barracks Reactor  
  24  2:28  Barracks  
  24  2:30  Factory  
  24  2:33  SCV  
  24  2:35  Refinery  
  25  2:48  Orbital Command  
  24  2:56  Marine x2  
  26  3:14  Marine x2, Factory Reactor  
  26  3:15  Starport  
  26  3:17  Barracks Tech Lab  
  28  3:28  Orbital Command  
  28  3:32  SCV  
  29  3:35  Marine x2  
  29  3:41  Stimpack  
  31  3:44  SCV  
  32  4:00  Marine  
  32  4:01  Marine  
  34  4:06  Marine  
  35  4:16  Factory Tech Lab  
  35  4:18  Marine x2, SCV x2  
  35  4:19  Barracks  
  35  4:22  Supply Depot  
  39  4:26  Medivac x2  
  39  4:30  SCV  
  39  4:31  SCV  
  45  4:35  Marine  
  46  4:43  Siege Tank, SCV x2  
  49  4:47  Supply Depot  
  49  5:01  Marine x2  
  49  5:02  Marine  
  52  5:08  Marine  
  52  5:12  Barracks, SCV  
  52  5:13  SCV  
  55  5:17  Refinery  
  55  5:18  Refinery  
  55  5:23  Marine x2  
  55  5:24  Marine, SCV  
  55  5:25  SCV  
  55  5:26  Marine  
  61  5:37  Liberator  
  61  5:43  Marine  
  61  5:45  Liberator, Combat Shields  
  61  5:47  Supply Depot  
  62  5:50  Marine x2, SCV x2  
  72  6:09  SCV  
  72  6:10  SCV  
  74  6:11  Supply Depot  
  74  6:13  Barracks Reactor x2  
  74  6:15  Marine x3  
  74  6:17  Siege Tank  
  80  6:22  SCV  
  80  6:25  SCV  
  82  6:34  SCV  
  81  7:20  Marine  
  81  7:21  Marine x5  
  87  7:33  Command Center, Medivac x2  
  87  7:34  Siege Tank  
  81  8:36  Marine x2  
  81  8:37  Marine x5  
  88  8:44  Siege Tank  
  91  8:54  Marine  
  92  9:27  Liberator x2  
  92  9:28  Marine x2  
  92  9:29  Marine x5, Command Center  
  105  9:46  Marine x3  
  105  9:47  Marine  
  109  9:53  Orbital Command  
  109  10:04  Supply Depot  
  109  10:09  Supply Depot  
  109  10:19  Marine x7  
  109  10:20  Siege Tank  
  112  10:37  Marine x5  
  71  12:06  Orbital Command  
  71  12:13  Barracks Reactor x2  
  71  12:17  Orbital Command  
  71  12:19  Supply Depot x2  
  71  12:20  Supply Depot  
  71  12:22  Supply Depot  
Show
View Real Time Build Order
Export as new Build Order

Exb Zerg - Winner!

Build Orders: Hatch First 

Get SALT Encoding   

  12  0:01  Drone  
  13  0:10  Drone  
  14  0:36  Extractor  
  13  0:44  Drone  
  13  0:45  Hatchery, Extractor, Drone  
  15  0:50  Overlord  
  15  1:11  Spawning Pool, Drone  
  15  1:21  Drone x2  
  17  1:25  Extractor  
  17  1:28  Drone  
  17  1:42  Drone  
  18  1:49  Drone  
  19  2:10  Hatchery  
  19  2:14  Extractor  
  17  2:17  Drone x4  
  21  2:25  Drone x2  
  23  2:30  Drone  
  23  2:34  Drone  
  25  2:48  Drone  
  25  2:49  Drone, Metabolic Boost  
  27  2:53  Overlord  
  27  3:00  Extractor  
  27  3:03  Queen  
  28  3:11  Queen  
  30  3:15  Drone  
  30  3:16  Spine Crawler x2  
  30  3:17  Drone  
  30  3:19  Drone  
  31  3:21  Drone  
  31  3:25  Drone  
  31  3:26  Drone  
  34  3:28  Drone  
  35  3:35  Queen  
  35  3:40  Drone x2  
  39  3:54  Zergling x6  
  42  3:57  Overlord x2  
  42  4:12  Overlord x3  
  43  4:17  Drone x2  
  43  4:20  Spore Crawler  
  43  4:21  Drone x3, Spore Crawler  
  45  4:31  Drone x2  
  45  4:32  Drone x3  
  50  4:45  Spine Crawler  
  49  5:00  Drone x6  
  49  5:03  Baneling Nest  
  49  5:04  Spine Crawler  
  49  5:05  Spine Crawler  
  49  5:06  Spine Crawler  
  50  5:09  Spine Crawler  
  49  5:26  Zergling x16  
  57  5:46  Spine Crawler  
  57  5:48  Spine Crawler  
  57  5:49  Drone x6  
  62  5:50  Drone x2  
  62  5:51  Queen  
  62  5:52  Queen  
  67  6:00  Extractor  
  67  6:02  Extractor  
  65  6:22  Zergling x18  
  65  6:23  Zergling x4  
  75  6:43  Hatchery  
  63  6:48  Baneling  
  63  6:49  Baneling x7  
  63  6:50  Baneling  
  63  6:52  Zergling x22  
  63  6:53  Zergling x2  
  75  7:05  Hatchery  
  75  7:08  Spore Crawler  
  73  7:09  Spore Crawler  
  72  7:21  Hatchery  
  71  7:29  Overlord x6  
  71  7:43  Hatchery  
  70  7:46  Extractor  
  70  7:49  Extractor  
  68  7:54  Lair  
  68  8:12  Spore Crawler  
  59  8:15  Spore Crawler  
  53  8:29  Zergling x14  
  53  8:30  Zergling x16  
  63  9:10  Zergling x2  
  63  9:11  Zergling x4  
  66  9:41  Zergling x22  
  66  9:42  Zergling x2  
  78  9:52  Spire  
  77  9:56  Drone x6  
  83  10:07  Drone x2  
  83  10:08  Drone  
  86  10:18  Zergling x2  
  86  10:19  Zergling x8  
  91  10:21  Baneling  
  91  10:22  Baneling x5  
  69  11:00  Zergling x2  
  69  11:01  Zergling x30  
  69  11:02  Zergling x18  
  94  11:11  Drone x4  
  94  11:15  Extractor x2  
  85  11:57  Mutalisk x9  
  85  11:58  Mutalisk x10  
  116  12:29  Baneling x2  
  116  12:30  Baneling x5  
Tags
 
Add a new tag
Caveats
  • Supply blocks, unpowered buildings, or Contaminate may cause inaccurate times.
  • Supply counts are checked every 10 seconds.